 Dungeon Crawl Stone Soup version 0.30-a0-586-g23e55c9e0a (webtiles) character file.

Game seed: 9157633403164968324

2 brightshaft the Trooper (level 1, -1/11 HPs)
             Began as a Vine Stalker Fighter on Jan 4, 2023.
             Slain by a kobold
             ... wielding a +0 whip
              (3 damage)
             ... on level 1 of the Dungeon.
             The game lasted 00:01:23 (138 turns).

brightshaft the Trooper (Vine Stalker Fighter)       Turns: 138, Time: 00:01:24

Health: -1/11      AC:  6    Str: 18    XL:     1   Next: 40%
Magic:  0/2        EV:  9    Int:  8    God:
Gold:   35         SH:  4    Dex: 13    Spells: 0/0 levels left

rFire   . . .      SeeInvis .    a - +0 flail
rCold   . . .      Faith    .    c - +0 buckler
rNeg    . . .      Spirit   +    b - +0 scale mail
rPois   .          Reflect  .    (no helmet)
rElec   .          Harm     .    (no cloak)
rCorr   .          Rampage  .    (no gloves)
Will    .....                    (no boots) Stlth
                                 (no amulet)
HPRegen 0.21/turn                (no ring)
MPRegen 0.08/turn                (no ring)

@: no status effects
A: fangs 2, magic shield, antimagic bite, no potion heal 2
a: no special abilities


You were on level 1 of the Dungeon.
You visited 1 branch of the dungeon, and saw 1 of its levels.

You collected 35 gold pieces.

Inventory:

Hand Weapons
 a - a +0 flail (weapon)
Armour
 b - a +0 scale mail (worn)
 c - a +0 buckler (worn)
Scrolls
 f - a scroll of vulnerability {unknown}
Potions
 d - a potion of might
 e - 2 potions of flight {unknown}


   Skills:
 + Level 2.7 Fighting
 * Level 1.9 Maces & Flails
 + Level 2.4 Armour
 + Level 2.7 Shields


You couldn't memorise any spells.
You didn't know any spells.
Your spell library was empty.

Dungeon Overview and Level Annotations

Branches:
Dungeon (1/15)

Altars:


Innate Abilities, Weirdness & Mutations

You have extremely sharp teeth.
When hurt, damage is shared between your health and your magic reserves.
Your bite disrupts and absorbs the magic of your enemies.
Potions cannot restore your health.


Message History

An endoplasm and a kobold come into view.
The kobold shouts!
Found a golden potion.
A quokka comes into view.
The endoplasm barely misses you. You block the kobold's attack.
You closely miss the kobold. The kobold closely misses you.
The endoplasm hits you but does no damage.
You hit the kobold. You bite the kobold, but do no damage.
The kobold is moderately wounded.
The kobold hits you with a +0 whip. The endoplasm hits you.
The endoplasm barely misses you. The kobold hits you but does no damage.
You hit the kobold. You bite the kobold, but do no damage.
The kobold is heavily wounded.
The kobold hits you with a +0 whip. The endoplasm closely misses you.
You are too injured to fight recklessly!
You are too injured to fight recklessly!
You are too injured to fight recklessly!
You barely miss the kobold.
The kobold is heavily wounded.
The quokka bites you but does no damage.
The endoplasm hits you but does no damage.
You block the kobold's attack.
You closely miss the kobold. You bite the kobold, but do no damage.
The kobold is heavily wounded.
The quokka bites you but does no damage.
The kobold hits you but does no damage.
The endoplasm jiggles.
You block the endoplasm's attack. The quokka bites you.
You barely miss the kobold.
The kobold is heavily wounded.
The endoplasm barely misses you. The kobold hits you but does no damage.
The quokka bites you.
* * * LOW HITPOINT WARNING * * *
The endoplasm closely misses you. The kobold hits you with a +0 whip.
* * * LOW HITPOINT WARNING * * *
You closely miss the kobold.
The kobold is heavily wounded.
The quokka bites you but does no damage.
The kobold hits you with a +0 whip.
You die...

#.#.#.### #......#
...#.#.. #......#
##.#.# #..!K..## ##.#.#
#.......### ##.#.#
#......... ..# ##.#.#
#......# ...# ##.#.#
#..KJr.# ...# ##.#.#
#...@..##...# ##.#.#
#..........?# ##.#.#
#.$.........# ##.#.#
#...........## ##.#.#
#........#...####.'..
######.(.......##.###
########..........#....
#......#..........#####
#......................


You could see an endoplasm, a quokka and 2 kobolds.

Vanquished Creatures
  A ball python (D:1)
  3 frilled lizards (D:1)
4 creatures vanquished.

Notes
Turn   | Place    | Note
-------+----------+-------------------------------------------
     0 | D:1      | brightshaft the Vine Stalker Fighter began the quest for
                  | the Orb.
     0 | D:1      | Reached XP level 1. HP: 11/11 MP: 2/2
   138 | D:1      | Slain by a kobold

Illustrated notes

Levels and vault maps discovered:
D:1:      zelgadis_glass_arrival_large, layout_basic

Action                   || total
-------------------------++-------
Melee: Flail             ||    15
       Bite              ||     7
Armor: Scale mail        ||     9
Dodge: Dodged            ||     8
Block: Buckler           ||     4

Table legend: (Time is in decaauts)
 A = Elapsed time spent in this place.
 B = Non-inter-level travel time spent in this place.
 C = Inter-level travel time spent in this place.
 D = Time resting spent in this place.
 E = Time spent auto-exploring this place.
 F = Levels seen in this place.
 G = Mean time per level.
                   A        B        C        D        E       F      G
               +--------+--------+--------+--------+--------+-----+--------+
         Total |    143 |    143 |      0 |      0 |    104 |   1 |  143.0 |
       Dungeon |    143 |    143 |      0 |      0 |    104 |   1 |  143.0 |
               +--------+--------+--------+--------+--------+-----+--------+

Top non-repeatable levels by time:
     D:1: 143 daAuts
